[Event "*** SCC Grand Prix: Titled Tuesday Blitz"]
[Site "Chess.com"]
[Date "2020.07.21"]
[Round "8"]
[White "GigaQuparadze"]
[Black "Funo09"]
[Result "1-0"]
[WhiteElo "2873"]
[BlackElo "2764"]
[TimeControl "180+1"]
[EndTime "11:35:54 PDT"]
[Termination "GigaQuparadze won on time"]

1. e4 c5 2. Nc3 Nc6 3. Nf3 g6 4. Bb5 Bg7 5. Bxc6 bxc6 6. O-O d6 7.
Re1 e5 8. h3 Ne7 9. Ne2 O-O 10.
c3 f5 11. exf5 Nxf5 12. d4 cxd4 13. cxd4 e4 14. Nh2 d5 15. Rf1 Ba6 16. Ng4 Bxe2 17. Qxe2 Nxd4 18. Qd1 Nf5 19. Rb1 d4 20. Qa4 Qd5 21.
b3 h5 22. Nh2 Kh7 23. Ba3 Rf7 24. Rbc1 Rc8 25. Rc5 Qe6 26. Re1 Bf8 27. Nf3 Qf6 28. Rxe4 Bxc5 29. Bxc5 d3 30. Qc4 Rd7 31. Qc1 Rcd8 32.
Bb4 Nd4 33. Ng5+ Kg8 34. Qc4+ Rd5 35. Bd2 Nf5 36. Ne6 R8d6 37. Nf4 Kg7 38. Nxd5 cxd5 39. Qc7+ Qf7 40. Qc3+ Kh7 41. Ra4 Rd7 42. Qxd3 Nd6 43. Qe3 Ne4 44. Rd4 Qf5 45. f3 Nf6 46. Rb4 1-0

[Event "*** SCC Grand Prix: Titled Tuesday Blitz"]
[Site "Chess.com"]
[Date "2020.07.21"]
[Round "8"]
[White "chessplayer9919"]
[Black "MusicCityMaster"]
[Result "0-1"]
[WhiteElo "2608"]
[BlackElo "2462"]
[TimeControl "180+1"]
[EndTime "11:35:54 PDT"]
[Termination "MusicCityMaster won by checkmate"]

1. e4 c5 2. Nc3 d6 3. f4 Nc6 4. Nf3 g6 5. Bc4 Bg7 6. O-O Nd4 7. d3 e6 8. Be3 Ne7 9. f5 d5 10. Nxd4 cxd4 11. f6 Bxf6 12. Bb5+ Bd7 13. Bxd7+ Qxd7 14.
Rxf6 dxe3 15. exd5 Nxd5 16. Ne4 Qe7 17. Rf3 f5 18.
Nc3 O-O 19. Qe2 Rae8 20. Re1 Qc5 21. Nxd5 exd5 22. c3 f4 23. d4 Qc4 24. Qxc4 dxc4 25. g3 g5 26. gxf4 gxf4 27. Kf1 Re6 28. Ke2 Rg6 29.
Kf1 Kg7 30. Re2 h5 31. b3 b5 32. Rh3 Kh6 33. bxc4 Rfg8 34. Rc2 Rg1+ 35. Ke2 R8g2+ 36. Kd3 Rd1+ 37. Ke4 Rxc2 38. Kxf4 e2 39. Re3 e1=Q 40. Rxe1 Rxe1 41. cxb5 Rf2+ 42. Kg3 Rf6 43. c4 Rg1+ 44.
Kh3 Rg4 45. d5 Rf3# 0-1

[Event "*** SCC Grand Prix: Titled Tuesday Blitz"]
[Site "Chess.com"]
[Date "2020.07.21"]
[Round "8"]
[White "sergeikim"]
[Black "Spartakus1975"]
[Result "0-1"]
[WhiteElo "2448"]
[BlackElo "2636"]
[TimeControl "180+1"]
[EndTime "11:35:55 PDT"]
[Termination "Spartakus1975 won by checkmate"]

1. d4 d5 2. c4 dxc4 3. e3 Be6 4. Qc2 b5 5. a4 c6 6. Nc3 b4 7. Ne4 Nf6 8. Nxf6+ exf6 9. Bxc4 Bd6 10. Nf3 O-O 11. O-O a5 12. b3 Re8 13. h3 Bd5 14.
Nd2 Bc7 15. e4 Qd6 16. f4 Be6 17. Bb2 Bb6 18. Qd3 Rd8 19. Bxe6 fxe6 20. Nf3 c5 21. Rad1 cxd4 22. e5 Qd5 23. Rfe1 f5 24. g4 Nc6 25. gxf5 exf5 26. Ng5 h6 27. Nf3 Re8 28. Nh4 Rf8 29.
Kh2 g5 30. Rg1 Kh7 31. Nxf5 Nxe5 32. fxe5 Qxe5+ 33. Ng3+ Kh8 34. Rde1 Rf2+ 35. Kh1 Qf4 36. Ne4 Qh2# 0-1

[Event "*** SCC Grand Prix: Titled Tuesday Blitz"]
[Site "Chess.com"]
[Date "2020.07.21"]
[Round "8"]
[White "korkmaz16"]
[Black "Efremov_Vlad"]
[Result "1-0"]
[WhiteElo "2349"]
[BlackElo "2183"]
[TimeControl "180+1"]
[EndTime "11:35:55 PDT"]
[Termination "korkmaz16 won on time"]

1. e4 c5 2. Nc3 Nc6 3. f4 g6 4. Nf3 Bg7 5. Bb5 Nd4 6. O-O e6 7. Nxd4 cxd4 8. Ne2 a6 9. Bd3 d6 10. b3 Ne7 11. Bb2 Qb6 12. Qe1 f5 13. Qf2 Nc6 14.
c3 O-O 15. exf5 gxf5 16. Nxd4 Nxd4 17. cxd4 Kh8 18. Rab1 Qa5 19. d5 Qxd5 20. Bxg7+ Kxg7 21. Qg3+ Kh8 22. Bc4 Qd4+ 23. Kh1 Rg8 24. Qh4 Bd7 25. Rf3 Bc6 26. Rg3 Rxg3 27. hxg3 Rf8 28. Rg1 Qe4 29.
d3 Qd4 30. Bxe6 Qf6 31. Qxf6+ Rxf6 32. Re1 Kg7 33. Kg1 Kf8 34. d4 d5 35. Bc8 Rd6 36.
Bxf5 Rf6 37. Bxh7 Kg7 38. Bd3 1-0

[Event "*** SCC Grand Prix: Titled Tuesday Blitz"]
[Site "Chess.com"]
[Date "2020.07.21"]
[Round "8"]
[White "mjray79"]
[Black "ural58"]
[Result "1-0"]
[WhiteElo "2390"]
[BlackElo "2521"]
[TimeControl "180+1"]
[EndTime "11:35:56 PDT"]
[Termination "mjray79 won on time"]

1. d4 d5 2. c4 e5 3. dxe5 d4 4. Nf3 Nc6 5. a3 g6 6. Bf4 Bg7 7. Nbd2 f6 8. exf6 Nxf6 9. h4 O-O 10. e3 Bg4 11. e4 Nxe4 12. Nxe4 Rxf4 13. Qc2 d3 14.
Qxd3 Qe7 15. Nd2 Rd8 16. Qe3 Nd4 17. Bd3 Bh6 18. O-O Re8 19. g3 Nf5 20. Nf6+ Qxf6 21.
Qxe8+ Bf8 22. Ne4 Rxe4 23. Bxe4 Nd6 24. Bd5+ Kg7 25. Qe3 c6 26. Bg2 h5 27. Rac1 Nf5 28.
Qc3 Be7 29. Rfe1 Qxc3 30. Rxc3 Bf6 31. Rb3 Nd4 32. Rxb7+ Kh6 33. f3 Bf5 34. Re8 g5 35.
Rf7 Kg6 36. Ref8 Bg7 37. Rxf5 Nxf5 38. Ra8 Bxb2 39. hxg5 Nxg3 40. Kh2 Nf5 41. Rxa7 Be5+ 42. Kh3 1-0

[Event "*** SCC Grand Prix: Titled Tuesday Blitz"]
[Site "Chess.com"]
[Date "2020.07.21"]
[Round "8"]
[White "Panterov"]
[Black "LilRag"]
[Result "0-1"]
[WhiteElo "2190"]
[BlackElo "2505"]
[TimeControl "180+1"]
[EndTime "11:35:56 PDT"]
[Termination "LilRag won on time"]

1. e4 c5 2. b3 Nc6 3. Bb2 e6 4. g3 Nf6 5. Bg2 Be7 6. Ne2 O-O 7. O-O d5 8. e5 Nd7 9. f4 b5 10. c4 bxc4 11. bxc4 Nb6 12. cxd5 Nxd5 13. Nbc3 Rb8 14. Nxd5 exd5 15. Rb1 Bf5 16. d3 Nb4 17. Nc1 c4 18.
Ba3 Bc5+ 19. Kh1 Nxd3 20. Rxb8 Qxb8 21. Bxc5 Nxc5 22. Qxd5 Nd3 23. Qxc4 Rc8 24. Qb3 Qxb3 25. Nxb3 h5 26. Nd4 Bh7 27. f5 Nxe5 28. Re1 f6 29. Bd5+ Kh8 30. Be6 Rd8 31. Nb5 a5 32. Rc1 Bg8 33. Nc7 Rd2 34. Rc3 Ng4 35. h3 Nf2+ 36. Kg1 Ne4 37. Re3 Ng5 38. h4 Nh3+ 39. Kf1 Rc2 40.
Nd5 Nf2 41. Ne7 Ng4 0-1

[Event "*** SCC Grand Prix: Titled Tuesday Blitz"]
[Site "Chess.com"]
[Date "2020.07.21"]
[Round "8"]
[White "profofchess"]
[Black "Brave_spirit12"]
[Result "1-0"]
[WhiteElo "2362"]
[BlackElo "2480"]
[TimeControl "180+1"]
[EndTime "11:35:56 PDT"]
[Termination "profofchess won by checkmate"]

1. e4 e6 2. d4 d5 3. Nc3 Nf6 4. Bg5 Be7 5. e5 Nfd7 6. h4 h6 7. Bxe7 Qxe7 8. Qd2 a6 9. f4 c5 10. dxc5 Nc6 11. Nf3 Nxc5 12. O-O-O b5 13. Bd3 Bb7 14.
Ne2 Rc8 15. Kb1 h5 16. Ned4 O-O 17. Rhg1 Ne4 18. Qe3 Qb4 19. Ka1 Na5 20. g4 hxg4 21. Rxg4 f5 22. exf6 Rxf6 23. Rdg1 Rc7 24. Ng5 Nxg5 25.
hxg5 Rff7 26. Nxe6 Rfe7 27. f5 Nc4 28. Bxc4 Rxc4 29. Rxc4 dxc4 30. f6 Rf7 31. g6 Rxf6 32. Nc5 Bd5 33. Qe7 Qd2 34. a3 Qf2 35. Qd8+ Rf8 36.
Qxd5+ Kh8 37. Rh1+ Qh4 38. Rxh4# 1-0

[Event "*** SCC Grand Prix: Titled Tuesday Blitz"]
[Site "Chess.com"]
[Date "2020.07.21"]
[Round "8"]
[White "Volodar_Murzin"]
[Black "Gorin_Leonid"]
[Result "1/2-1/2"]
[WhiteElo "2702"]
[BlackElo "2589"]
[TimeControl "180+1"]
[EndTime "11:35:58 PDT"]
[Termination "Game drawn by repetition"]

1. e4 e5 2. Nf3 Nc6 3. Bb5 a6 4. Ba4 Nf6 5. O-O Be7 6. d3 b5 7. Bb3 d6 8. a3 Bg4 9. Be3 O-O 10. h3 Bxf3 11. Qxf3 Nd4 12. Bxd4 exd4 13. Nd2 c6 14. Qg3 Nh5 15. Qf3 Nf6 16. e5 dxe5 17. Qxc6 Qd6 18.
Qf3 Rac8 19. a4 g6 20. axb5 axb5 21. Rfe1 Kg7 22. Re2 Rc5 23. Ra7 Rc7 24. Ra5 Rc5 25. g4 h6 26. Ra7 Rc7 27. Ra1 Qc5 28. Rae1 Bd6 29. h4 Re7 30. g5 hxg5 31. hxg5 Nh5 32. Ne4 Qc7 33. Nf6 Nf4 34. Re4 Rh8 35. Qg4 Qc8 36. Rxf4 exf4 37. Rxe7 Bxe7 38. Qxf4 Qf8 39. Qxd4 Bxf6 40. Qxf6+ Kg8 41. Qxg6+ Qg7 42. Qf5 Rh5 43. f4 Qd4+ 44. Kg2 Rh2+ 45. Kxh2 Qf2+ 46. Kh3 Qf3+ 47.
Kh4 Qf2+ 48. Kh5 Qh2+ 49. Kg4 Qg2+ 50. Kh4 Qf2+ 51. Kh3 Qf3+ 52. Kh4 Qf2+ 1/2-1/2

[Event "*** SCC Grand Prix: Titled Tuesday Blitz"]
[Site "Chess.com"]
[Date "2020.07.21"]
[Round "8"]
[White "Ladislav1969"]
[Black "Zarinur"]
[Result "0-1"]
[WhiteElo "2305"]
[BlackElo "2110"]
[TimeControl "180+1"]
[EndTime "11:35:58 PDT"]
[Termination "Zarinur won on time"]

1. e4 e5 2. Bc4 Nc6 3. Nc3 Nf6 4.
d3 Na5 5. Nge2 Bc5 6. O-O O-O 7.
Ng3 d6 8. Bg5 h6 9. Bxf6 Qxf6 10. Nd5 Qd8 11. b4 Nxc4 12. bxc5 Na5 13. cxd6 Qxd6 14.
Qh5 Nc6 15. c3 Be6 16. Nf5 Bxf5 17. Qxf5 Ne7 18. Nxe7+ Qxe7 19. Rab1 b6 20. d4 exd4 21. cxd4 Qe6 22. Qxe6 fxe6 23. Rfc1 Rf7 24. Rc4 Rd8 25. f3 Rfd7 26. Rb2 Rxd4 27. Rxc7 Rd1+ 28. Kf2 R1d2+ 29. Rxd2 Rxd2+ 30. Ke3 Rxa2 31. g4 a5 32. h4 b5 33.
Kf4 b4 34. g5 hxg5+ 35. hxg5 Kf8 36. Ke5 Ke8 37. Kxe6 Kd8 38. Rxg7 b3 39. Rb7 a4 40.
g6 Rg2 41. g7 Rxg7 0-1

[Event "*** SCC Grand Prix: Titled Tuesday Blitz"]
[Site "Chess.com"]
[Date "2020.07.21"]
[Round "8"]
[White "Susal_De_Silva"]
[Black "ChessicallyInclined"]
[Result "0-1"]
[WhiteElo "2329"]
[BlackElo "2514"]
[TimeControl "180+1"]
[EndTime "11:35:59 PDT"]
[Termination "ChessicallyInclined won by resignation"]

1. e4 c5 2. Nf3 Nc6 3. Bb5 g6 4. Bxc6 dxc6 5. d3 Bg7 6. h3 Qc7 7. O-O e5 8. Nc3 Ne7 9. Be3 b6 10. a4 a5 11. Qd2 h6 12. Ne2 f5 13. Qc1 f4 14. Bd2 g5 15. Nh2 h5 16. c3 Ng6 17.
d4 cxd4 18. cxd4 exd4 19. Nf3 Ba6 20. Re1 Bxe2 21. Rxe2 g4 22. Ng5 f3 23. Ne6 Qd7 24. Nxg7+ Kf7 25. Re1 Kxg7 26. e5 Qe6 27. Bg5 fxg2 28.
Bf6+ Kf7 29. Bxh8 Rxh8 30. Qg5 gxh3 31. f4 Ne7 32. f5 Nxf5 33. Re4 Ke8 34. Rf4 Ne7 35.
Rf6 Qb3 36. e6 Qe3+ 37. Qxe3 dxe3 38. Re1 Nd5 39. Rf7 Rh6 40. Kh2 Rxe6 41. Rg7 Nf4 42. Kg3 Nd3 43. Rf1 gxf1=N+ 0-1

[Event "*** SCC Grand Prix: Titled Tuesday Blitz"]
[Site "Chess.com"]
[Date "2020.07.21"]
[Round "8"]
[White "axvesik"]
[Black "qingaunlee"]
[Result "1-0"]
[WhiteElo "2469"]
[BlackElo "2339"]
[TimeControl "180+1"]
[EndTime "11:35:59 PDT"]
[Termination "axvesik won by resignation"]

1. e4 e6 2. d4 d5 3. Nc3 Bb4 4. exd5 exd5 5. Bd3 Nc6 6. a3 Bxc3+ 7. bxc3 Qf6 8. Ne2 Nge7 9. O-O Bf5 10. Bf4 O-O-O 11. Rb1 g5 12. Bg3 h5 13. Re1 Ng6 14. Nc1 h4 15.
Qf3 hxg3 16. Qxf5+ Qxf5 17. Bxf5+ Kb8 18. hxg3 Nge7 19.
Bd3 Nc8 20. Nb3 Nd6 21. Nc5 Rh6 22. f3 b6 23. Kf2 Rf6 24. Na6+ Kc8 25. Nb4 Nxb4 26.
axb4 g4 27. Re7 gxf3 28. gxf3 Rh8 29. Ra1 Kb8 30. Kg2 Rfh6 31. f4 Rh2+ 32. Kf3 f5 33.
Re5 Ne4 34. Rxd5 Nxg3 35. Bxf5 Nxf5 36. Rxf5 Rxc2 37. Ke4 Rxc3 38. Re5 Rhh3 39. f5 Rce3+ 40. Kd5 Rd3 41. Rf1 Rh4 42. Re4 c6+ 43. Ke5 Rh8 44. f6 Rf8 45. f7 Kc7 46. Ke6 Rh3 47. Ke7 Rhh8 48. Re6 Rd8 49. f8=Q Rdxf8 50. Rxf8 Rxf8 51. Kxf8 1-0

[Event "*** SCC Grand Prix: Titled Tuesday Blitz"]
[Site "Chess.com"]
[Date "2020.07.21"]
[Round "8"]
[White "GOGIEFF"]
[Black "Semen_Khanin"]
[Result "1/2-1/2"]
[WhiteElo "2908"]
[BlackElo "2762"]
[TimeControl "180+1"]
[EndTime "11:36:00 PDT"]
[Termination "Game drawn by repetition"]

1. d4 Nf6 2. c4 e6 3. Nc3 d5 4. cxd5 exd5 5. Bg5 c6 6. e3 Nbd7 7. Bd3 Bd6 8. Nf3 h6 9. Bh4 O-O 10. O-O Re8 11. Qc2 Nf8 12. Rae1 Bg4 13. Nd2 Bh5 14.
f4 g5 15. Bg3 Ng4 16. Nd1 gxf4 17. exf4 Ne6 18. Nb3 Qb6 19. Bh7+ Kg7 20. Qd3 Nf6 21. Bf5 a5 22. Bxe6 fxe6 23. f5 Bxg3 24. Qxg3+ Kh7 25. Rxe6 Rg8 26. Qe5 Raf8 27. Rxf6 Rxf6 28. Qxf6 a4 29. Nc5 Bxd1 30. Ne6 Qxb2 31. g3 Qe2 32. Qf7+ Kh8 33. Qf6+ Kh7 34. Nf8+ Rxf8 35. Qxf8 Qe3+ 36. Kg2 Qe4+ 37.
Kg1 Qe3+ 38. Rf2 Qe1+ 39. Kg2 Qe4+ 40. Kg1 Qe1+ 41. Kg2 Qe4+ 42. Kg1 Qe1+ 1/2-1/2

[Event "*** SCC Grand Prix: Titled Tuesday Blitz"]
[Site "Chess.com"]
[Date "2020.07.21"]
[Round "8"]
[White "Zurability"]
[Black "Gareth-Bale11"]
[Result "1-0"]
[WhiteElo "2602"]
[BlackElo "2695"]
[TimeControl "180+1"]
[EndTime "11:36:00 PDT"]
[Termination "Zurability won by resignation"]

1. Nf3 d5 2. g3 g6 3. Bg2 Bg7 4. O-O e5 5. c4 dxc4 6. Na3 Nc6 7.
Nxc4 Nge7 8. d3 O-O 9. Rb1 a5 10. a3 Be6 11. Qc2 a4 12. Bg5 h6 13. Bd2 Qd7 14.
Rfc1 Kh7 15. b4 axb3 16. Rxb3 Ra7 17. Rbb1 Rd8 18. Bc3 e4 19. dxe4 Bxc3 20. Qxc3 Nd4 21. Rb2 Nec6 22. Ne3 Nxf3+ 23. Bxf3 Qd4 24. e5 Qxc3 25. Rxc3 Nxe5 26. Bxb7 c6 27. f4 Rb8 28. fxe5 Rbxb7 29. Rxb7 Rxb7 30. Rxc6 Rb3 31. Nc2 Rb5 32. Kf2 Rxe5 33. Nd4 Ba2 34. Rc2 Be6 35. a4 Kg7 36. Nxe6+ Rxe6 37. Ra2 Ra6 38. a5 Kf6 39. Ke3 Ke5 40.
Kd3 f5 41. Kc4 g5 42. Kb5 Ra8 43. a6 Ke4 44. a7 1-0

[Event "*** SCC Grand Prix: Titled Tuesday Blitz"]
[Site "Chess.com"]
[Date "2020.07.21"]
[Round "8"]
[White "vinniethepooh"]
[Black "AquivaRubinstein"]
[Result "0-1"]
[WhiteElo "2662"]
[BlackElo "2480"]
[TimeControl "180+1"]
[EndTime "11:36:01 PDT"]
[Termination "AquivaRubinstein won on time"]

1. d4 Nf6 2. c4 e6 3. Nc3 d5 4. cxd5 Nxd5 5. e4 Nxc3 6. bxc3 c5 7. Nf3 cxd4 8. cxd4 Bb4+ 9. Bd2 Bxd2+ 10. Qxd2 O-O 11.
Bc4 Nd7 12. O-O b6 13. Rad1 Bb7 14. Rfe1 Rc8 15. Bd3 Re8 16. Bb1 h6 17. Qf4 Qf6 18. Qd6 Qe7 19. Qg3 Nf6 20. d5 exd5 21. exd5 Qb4 22.
d6 Bxf3 23. Rxe8+ Rxe8 24. gxf3 Re1+ 25. Rxe1 Qxe1+ 26. Kg2 Qxb1 27. Qe5 Qg6+ 28. Kf1 Qd3+ 29. Kg2 h5 30. h4 Kh7 31. a4 a5 32. Qe7 Kg6 33. Qc7 Qd4 34. Qc6 Qxh4 35. Qxb6 Qg5+ 36.
Kh1 Qd5 37. Kg2 h4 38. Qc7 h3+ 39. Kg3 Nh5+ 40. Kh2 Qe5+ 41. Kh1 Nf4 0-1

[Event "*** SCC Grand Prix: Titled Tuesday Blitz"]
[Site "Chess.com"]
[Date "2020.07.21"]
[Round "8"]
[White "KratosKrieg"]
[Black "grandcoach"]
[Result "1/2-1/2"]
[WhiteElo "1929"]
[BlackElo "2120"]
[TimeControl "180+1"]
[EndTime "11:36:01 PDT"]
[Termination "Game drawn by repetition"]

1. e4 c5 2. Nf3 Nc6 3. Bb5 e6 4.
O-O Nge7 5. Re1 a6 6. Bd3 d5 7. exd5 Nxd5 8. c3 Be7 9. Bc2 O-O 10. d4 cxd4 11. cxd4 b5 12. Nc3 Nxc3 13. bxc3 Bb7 14. Qd3 g6 15. Bh6 Re8 16. Rad1 Bf6 17. h3 Rc8 18.
Bf4 Qa5 19. Ra1 Ne7 20. Ne5 Rxc3 21. Qd2 Nd5 22. Nd7 Be7 23. Bb3 Nxf4 24. Qxf4 Qc7 25. Nf6+ Bxf6 26. Qxf6 Qe7 27. Qf4 Qc7 28. Qf6 Rd8 29. Rad1 Bd5 30. Bxd5 Rxd5 31. Qh4 Rc2 32. Qh6 Rxa2 33. Re5 Rxe5 34. dxe5 Rc2 35. Qg5 f6 36. Qxf6 Rc1 37. Qxe6+ Kg7 38. Qf6+ Kg8 39. Qe6+ Kg7 40. Qf6+ Kg8 41. Qe6+ 1/2-1/2

[Event "*** SCC Grand Prix: Titled Tuesday Blitz"]
[Site "Chess.com"]
[Date "2020.07.21"]
[Round "8"]
[White "tigra"]
[Black "Konavets"]
[Result "1-0"]
[WhiteElo "2860"]
[BlackElo "3034"]
[TimeControl "180+1"]
[EndTime "11:36:02 PDT"]
[Termination "tigra won by checkmate"]

1. e4 c5 2. Nf3 Nc6 3. d4 cxd4 4. Nxd4 Nf6 5. Nc3 d6 6. Bg5 e6 7. Qd2 a6 8. O-O-O Bd7 9. f4 b5 10. Qe1 Qb6 11. Nxc6 Bxc6 12. Nd5 Qd8 13. e5 Bxd5 14. Rxd5 h6 15. Bh4 g5 16. exf6 gxh4 17. Rxb5 Qxf6 18. Qe4 Rc8 19. Rb7 Bg7 20. Qa4+ Kf8 21. Bxa6 Ra8 22. Rf1 Kg8 23. Qc6 Qd4 24. Bd3 Bf6 25. Qd7 Rf8 26. a4 Qd5 27. Kb1 h5 28. g3 hxg3 29. hxg3 Rh6 30. Re1 Bg7 31. a5 Qxa5 32. c3 Qd5 33.
Kc2 Qg2+ 34. Re2 Qxg3 35. f5 e5 36. Qc6 h4 37. Rg2 Qf4 38. f6 Rxf6 39. Rb4 Qf3 40. Qxf3 Rxf3 41. Rxh4 Rf4 42. Rh7 e4 43. Rgxg7# 1-0

[Event "*** SCC Grand Prix: Titled Tuesday Blitz"]
[Site "Chess.com"]
[Date "2020.07.21"]
[Round "8"]
[White "icychess54"]
[Black "MashaFromRussia"]
[Result "1-0"]
[WhiteElo "2278"]
[BlackElo "2373"]
[TimeControl "180+1"]
[EndTime "11:36:02 PDT"]
[Termination "icychess54 won by resignation"]

1. c4 e5 2. Nc3 d6 3. Nf3 f5 4. e3 Nf6 5. Be2 g6 6. O-O Bg7 7. b4 O-O 8. Bb2 Nc6 9. b5 Ne7 10. d4 e4 11. Nd2 g5 12. a4 Ng6 13. a5 Be6 14. d5 Bd7 15. Nb3 f4 16. Nd4 Qe7 17. b6 axb6 18. axb6 Rxa1 19. Qxa1 cxb6 20. Ncb5 Ne5 21. Ba3 Ne8 22. Bh5 Nxc4 23. Qc3 Bxb5 24. Qb4 Ba6 25. Ne6 Rf5 26. Rc1 fxe3 27. fxe3 Nxa3 28. Qxa3 Rxd5 29. Bxe8 Qxe8 30. Nc7 Qc6 31. Rxc6 Rd1+ 32. Kf2 Rf1+ 33. Kg3 Be5+ 34. Kh3 h5 35.
Nxa6 Rh1 36. g3 g4+ 37. Kh4 Rxh2+ 38. Kg5 h4 39. Rc8+ 1-0

[Event "*** SCC Grand Prix: Titled Tuesday Blitz"]
[Site "Chess.com"]
[Date "2020.07.21"]
[Round "8"]
[White "SiddharthGMJagadeesh"]
[Black "QuintilianoR"]
[Result "1-0"]
[WhiteElo "2588"]
[BlackElo "2680"]
[TimeControl "180+1"]
[EndTime "11:36:04 PDT"]
[Termination "SiddharthGMJagadeesh won by resignation"]

1. d4 d5 2. c4 c6 3. cxd5 cxd5 4. Bg5 Nc6 5. Nc3 Bf5 6. e3 Qd7 7. Bb5 e6 8. Nf3 f6 9. Bf4 Bd6 10. Bxd6 Qxd6 11. Nh4 Bg6 12. Nxg6 hxg6 13. h3 Ne7 14. O-O O-O 15. Bd3 Rfd8 16. Qg4 f5 17. Qe2 Rac8 18. a3 a6 19. b4 Nxb4 20. axb4 Rxc3 21. b5 axb5 22.
Bxb5 Rdc8 23. Ra7 Qb6 24. Ra2 Kf7 25. g3 Rh8 26. Kg2 Qc7 27. Rb1 g5 28. Ra7 Rc2 29. Rxb7 Qxb7 30. Qxc2 Qa8 31. Qc7 Qd8 32. Qc5 Ng6 33.
Bc6 Qf6 34. Rb7+ Kg8 35. Be8 Kh7 36. Bxg6+ Qxg6 37. Qe7 f4 38. exf4 gxf4 39. Qh4+ Qh6 40. Qxh6+ Kxh6 41. Re7 fxg3 42. Rxe6+ g6 43. fxg3 Rb8 44.
Re5 Rb5 45. Kf3 Rb3+ 46. Kg4 Rb5 47. h4 Ra5 48. Kf4 Rb5 49. g4 Ra5 50. Re7 Ra6 51.
g5+ 1-0

[Event "*** SCC Grand Prix: Titled Tuesday Blitz"]
[Site "Chess.com"]
[Date "2020.07.21"]
[Round "8"]
[White "rugbyclub"]
[Black "ChelsieMonica"]
[Result "0-1"]
[WhiteElo "2137"]
[BlackElo "2384"]
[TimeControl "180+1"]
[EndTime "11:36:04 PDT"]
[Termination "ChelsieMonica won by resignation"]

1. c4 e5 2. Nc3 Nc6 3. Nf3 Nf6 4. e3 Bb4 5. Qc2 Bxc3 6. Qxc3 d6 7. d4 exd4 8. Nxd4 O-O 9. Be2 Re8 10. O-O Ne4 11.
Qc2 Nxd4 12. exd4 Bf5 13. Bd3 Bg6 14. Be3 d5 15. cxd5 Nf6 16. Bxg6 hxg6 17. Bg5 Rc8 18. Qb3 b6 19. Rac1 Qxd5 20. Bxf6 Qxb3 21. axb3 gxf6 22. Rc2 Re4 23. Rd1 Kf8 24. Kf1 Ke7 25. f3 Re3 26. Rc3 Re6 27. b4 Kd7 28. Ra3 Ra8 29. Kf2 Rd6 30. Ke3 Kc6 31. Rda1 Kb7 32. Rd3 a6 33. h3 Re8+ 34. Kf2 Red8 35. Ke3 f5 36. Rad1 g5 37.
f4 g4 38. Kf2 Rh8 39. hxg4 fxg4 40. f5 Rd5 41. Kg3 Rxf5 42. Kxg4 Rf6 43. Kg5 Rf2 44. Rf3 Rg8+ 45. Kf6 Rgxg2 46. Rxf2 Rxf2+ 47. Ke7 Rxb2 48.
Kxf7 Rxb4 49. d5 Re4 50. d6 cxd6 51. Rxd6 a5 52. Kf6 Ka6 53. Kf5 Re1 54. Rd8 a4 55. Kf4 b5 56. Kf3 Ka5 57. Kf2 Re7 0-1

[Event "*** SCC Grand Prix: Titled Tuesday Blitz"]
[Site "Chess.com"]
[Date "2020.07.21"]
[Round "8"]
[White "BilguunSu"]
[Black "Alexander_Zubov"]
[Result "1-0"]
[WhiteElo "2684"]
[BlackElo "2843"]
[TimeControl "180+1"]
[EndTime "11:36:05 PDT"]
[Termination "BilguunSu won on time"]

1. e4 Nc6 2. Nf3 d6 3. h3 Nf6 4.
Nc3 g6 5. d4 Bg7 6. Be3 O-O 7.
Qd2 e5 8. d5 Ne7 9. Bh6 Bd7 10.
Bxg7 Kxg7 11. h4 h5 12. O-O-O Ng4 13. Bd3 f6 14. Ng1 Rb8 15. f3 Nh6 16. Nh3 Bxh3 17. gxh3 Kh7 18. Rhg1 a6 19. Ne2 Qd7 20. f4 Rg8 21.
Rg3 Rbf8 22. Rdg1 c6 23. c4 cxd5 24. cxd5 Qc7+ 25. Kb1 Qb6 26. Rf1 Rf7 27. Rgf3 Rgf8 28. Ng3 Qd4 29. Ne2 Qb6 30. Bc2 Qc5 31. Ng3 a5 32. f5 gxf5 33. exf5 Qxd5 34. Rd3 Qc5 35. Rxd6 Nc6 36. Ne4 Qb4 37. Ng5+ Kg7 38. Ne6+ Kh7 39. Nxf8+ Rxf8 40. Qxb4 axb4 41. Rd7+ Rf7 42. Rxf7+ Nxf7 43. Be4 Nd6 44. Bd5 1-0

[Event "*** SCC Grand Prix: Titled Tuesday Blitz"]
[Site "Chess.com"]
[Date "2020.07.21"]
[Round "8"]
[White "ManuDavid2910"]
[Black "m_ezat"]
[Result "0-1"]
[WhiteElo "2687"]
[BlackElo "2590"]
[TimeControl "180+1"]
[EndTime "11:36:05 PDT"]
[Termination "m_ezat won by resignation"]

1. e4 c6 2. Nf3 d5 3. exd5 cxd5 4. d4 Nc6 5. c4 Nf6 6. Nc3 Bg4 7. cxd5 Nxd5 8.
Bc4 e6 9. O-O Bxf3 10. Qxf3 Nxd4 11. Qe4 Nxc3 12. bxc3 Nc6 13. Rb1 Qc7 14. Bf4 Bd6 15. Bxe6 O-O 16. Bxd6 Qxd6 17. Bd5 Rae8 18. Qd3 Qc7 19.
Qc4 Rc8 20. Rfe1 Na5 21. Qg4 Qxc3 22. h3 g6 23. Re7 Qf6 24. Rbe1 Rc1 25. Bxf7+ Qxf7 26. Rxf7 Rxe1+ 27. Kh2 Rxf7 28. Qb4 Re5 29. f4 Nc6 30.
Qc4 Rf5 31. g3 Rf6 32. h4 Rd6 33. Kh3 Kg7 34. a4 Re7 35. a5 Nd4 36. Qc5 Ree6 37. Qxa7 Nf5 38. Qxb7+ Re7 39. Qb2+ Kh6 40. Qf6 Rxf6 0-1

[Event "*** SCC Grand Prix: Titled Tuesday Blitz"]
[Site "Chess.com"]
[Date "2020.07.21"]
[Round "8"]
[White "doons21"]
[Black "MathiasWomacka"]
[Result "0-1"]
[WhiteElo "2618"]
[BlackElo "2472"]
[TimeControl "180+1"]
[EndTime "11:36:05 PDT"]
[Termination "MathiasWomacka won on time"]

1. e4 c5 2. c3 d5 3. exd5 Qxd5 4. d4 Nf6 5. Nf3 e6 6. Bd3 Be7 7. O-O O-O 8. Qe2 Nc6 9. Rd1 Rd8 10. Be3 Ng4 11. dxc5 Nxe3 12. Bxh7+ Kxh7 13. Rxd5 Nxd5 14. Nbd2 Bxc5 15. Ng5+ Kg6 16. h4 f6 17. Nxe6 Bxe6 18. Qxe6 Kh7 19. c4 Nde7 20. Ne4 Bd4 21. Rd1 Kh8 22.
Nd6 Rf8 23. b4 Be5 24. Nf7+ Kh7 25. b5 Nd4 26. Qxe7 Rae8 27. Qxb7 Ne2+ 28. Kf1 Nc3 29. Rd7 Bf4 30. Ng5+ fxg5 31. Rxg7+ Kh6 32. Rh7+ Kg6 33.
Qg7+ Kf5 34. hxg5 Bxg5 35. Rh5 Ne4 36. g3 Rg8 37. Qh7+ Ke5 38. f4+ Kd4 39. Qd7+ Kc3 0-1

[Event "*** SCC Grand Prix: Titled Tuesday Blitz"]
[Site "Chess.com"]
[Date "2020.07.21"]
[Round "8"]
[White "Antipov_Mikhail_Al"]
[Black "ArjunErigaisi2003"]
[Result "0-1"]
[WhiteElo "2857"]
[BlackElo "3050"]
[TimeControl "180+1"]
[EndTime "11:36:06 PDT"]
[Termination "ArjunErigaisi2003 won on time"]

1. e4 c5 2. Nf3 d6 3. d4 cxd4 4. Nxd4 Nf6 5. f3 a6 6. c4 g6 7. Nc3 Bg7 8. Be3 O-O 9. g4 Nc6 10. Qd2 Bd7 11. Nxc6 Bxc6 12. Bh6 Bxh6 13. Qxh6 b5 14.
h4 bxc4 15. h5 Qb6 16. hxg6 Qxb2 17. Rc1 fxg6 18. Bxc4+ Kh8 19. Rh2 Qb4 20. Bb3 Qd4 21.
Ne2 Qb4+ 22. Kd1 Ba4 23. Nf4 Bxb3+ 24. axb3 Qxb3+ 25. Ke2 Qb2+ 26. Kd1 Qb3+ 27. Kd2 Qb4+ 28. Kd3 Qb5+ 29. Rc4 Qb1+ 30. Rcc2 Qb3+ 31. Kd2 Qxf3 32. Nxg6+ Kg8 33. Nxe7+ Kf7 34. Nf5 Nxe4+ 35. Ke1 Qxg4 36.
Qxh7+ Kf6 37. Rcg2 Qxf5 38. Rh6+ Ke5 0-1

[Event "*** SCC Grand Prix: Titled Tuesday Blitz"]
[Site "Chess.com"]
[Date "2020.07.21"]
[Round "8"]
[White "Zmof"]
[Black "ikhasu"]
[Result "0-1"]
[WhiteElo "2180"]
[BlackElo "2389"]
[TimeControl "180+1"]
[EndTime "11:36:06 PDT"]
[Termination "ikhasu won by checkmate"]

1. e4 e5 2. Bc4 Nf6 3. d3 Nc6 4. Nf3 Bc5 5. O-O d6 6. c3 Bb6 7.
Nbd2 Ne7 8. Re1 Ng6 9. Nf1 O-O 10. Ng3 c6 11. Bb3 h6 12. h3 Re8 13. d4 Be6 14.
Bxe6 Rxe6 15. Be3 exd4 16. Bxd4 c5 17. Bxf6 Qxf6 18. Nh5 Qe7 19. Qd5 Re8 20. Rad1 Ne5 21. Nxe5 Rxe5 22. Qxd6 Rxh5 23. Qf4 Re5 24. f3 c4+ 25. Kh1 Rh5 26. Qg4 Rg5 27. Qd7 Ra5 28.
a3 Rc5 29. Qd4 Rc6 30. Qd5 Rc5 31. Qd4 Bc7 32. Kg1 Rg5 33. Qxc4 Qe5 34. Kf1 Qh2 35. Rd2 Qh1+ 36. Ke2 Rxg2+ 37. Kd1 Rxd2+ 38. Kxd2 Rd8+ 39.
Ke2 Qg2+ 40. Ke3 Bb6+ 41. Kf4 Qg5# 0-1